 Dungeon Crawl Stone Soup version 0.18.1-48-g4cf74bf (webtiles) character file.

3565 Peloso the Protected (level 9, 0/81 HPs)
             Began as a Minotaur Fighter on July 28, 2016.
             Was a Follower of Okawaru.
             Killed from afar by an electric eel (3 damage)
             ... with a bolt of electricity
             ... on level 8 of the Dungeon.
             The game lasted 00:28:36 (9965 turns).

Peloso the Protected (Minotaur Fighter)             Turns: 9965, Time: 00:28:36

Health: 0/81       AC: 20    Str: 22    XL:     9   Next: 84%
Magic:  8/8        EV:  8    Int:  5    God:    Okawaru [*.....]
Gold:   71         SH:  3    Dex: 12    Spells: 0 memorised, 8 levels left

rFire  . . .     SeeInvis .     a - +1 long sword
rCold  . . .     Gourm    .     s - +0 plate armour
rNeg   . . .     Faith    .     (no shield)
rPois  .         Spirit   .     (helmet restricted)
rElec  .         Dismiss  .     z - +0 cloak
rCorr  .         Reflect  +     J - +1 pair of gloves {archery}
SustAt .         Harm     .     b - +1 pair of boots {run}
MR     .....                    u - +3 amulet of reflection
Stlth  ..........               (no ring)
                                (no ring)

@: quick, not resistant to hostile enchantments, extremely unstealthy
A: retaliatory headbutt, horns 2
a: Heroism, Renounce Religion


You were on level 8 of the Dungeon.
You worshipped Okawaru.
Okawaru was aware of your devotion.
You were hungry.

You visited 1 branch of the dungeon, and saw 8 of its levels.
You also visited: Sewer and Ossuary.

You collected 341 gold pieces.
You spent 270 gold pieces at shops.

Inventory:

Hand Weapons
 a - a +1 long sword (weapon)
 i - the +10 glaive "Worm's Wrath" {drain, Int+3}
   (You found it on level 4 of the Dungeon)

   A truly terrible weapon, it drains the life of those it strikes.
   It affects your intelligence (+3).
 N - the +4 spear "Neolod" {elec, *Corrode +Fly rElec rF+++}
   (You found it on level 6 of the Dungeon)

   Occasionally, upon striking a foe, it will discharge some electrical energy
   and cause terrible harm.
   It renders you almost immune to fire.
   It insulates you from electricity.
   It lets you fly.
   It may corrode you when you take damage.
Armour
 b - a +1 pair of boots of running (worn)
 c - a +0 shield
 s - a +0 plate armour (worn)
 z - a +0 cloak (worn)
 J - a +1 pair of gloves of archery (worn)
Jewellery
 u - a +3 amulet of reflection (around neck)
Wands
 n - a wand of polymorph (10/24)
 r - a wand of digging (24/24)
Scrolls
 h - 2 scrolls of remove curse
 p - 2 scrolls of teleportation
 x - a scroll of fear
 y - 3 scrolls of magic mapping
 A - a scroll of immolation {unknown}
 C - a scroll of recharging
 G - a scroll of enchant armour {unknown}
 I - a scroll of fog
 K - a scroll of amnesia
 M - a scroll of blinking
Potions
 d - 3 potions of might
 e - a potion of resistance
 g - 4 potions of flight
 j - a potion of cancellation
 l - 5 potions of heal wounds
 m - a potion of ambrosia
 q - 6 potions of curing
 t - a potion of cure mutation
 v - 5 potions of degeneration {unknown}
 w - 2 potions of lignification {unknown}
 B - a potion of haste {unknown}
 D - 2 potions of magic {unknown}
 E - a potion of brilliance {unknown}
 F - a potion of agility {unknown}
 H - 4 potions of mutation {unknown}
 L - a potion of berserk rage {unknown}
Comestibles
 f - 6 bread rations
 k - a meat ration


   Skills:
 + Level 7.8 Fighting
 + Level 9.2 Long Blades
 + Level 9.7 Armour
 + Level 3.8 Dodging
 + Level 0.6 Stealth
 + Level 8.3 Shields
 + Level 0.2 Invocations


You had 8 spell levels left.
You didn't know any spells.

Dungeon Overview and Level Annotations

Branches:
Dungeon (8/15)             Temple (0/1) D:6            Lair (0/8) D:8

Altars:
Okawaru
Pakellas
Qazlal
Trog
The Shining One

Shops:
D:4 [   D:6 ?[%:   D:7 %


Innate Abilities, Weirdness & Mutations

You reflexively headbutt those who attack you in melee.
You have a pair of horns on your head.


Message History

The bolt of electricity hits the electric eel.
The electric eel completely resists.
The bolt of electricity hits you!
The electric eel shoots out a bolt of lightning at you!
The bolt of electricity hits you! x2
You slash the electric eel!
You kill the electric eel!
Okawaru accepts your kill.
You hear a splash.
Unknown command.
The electric eel shoots out a bolt of lightning at you!
The bolt of electricity hits you!
* * * LOW HITPOINT WARNING * * *
The bolt of electricity hits you!
* * * LOW HITPOINT WARNING * * *
The electric eel shoots out a bolt of lightning at you!
The bolt of electricity hits you!
* * * LOW HITPOINT WARNING * * *
The electric eel shoots out a bolt of lightning at you!
The bolt of electricity hits you!
You die...

#### ...# ##.# #.#
#############
#.######.......@...##
##..........#####.#..#######
.......##.#.##..............
##)###.##)#.##...†...≈.≈....
##)# #.##)#.##....≈..≈≈;≈≈≈.
)..###.##)#.......≈≈≈≈≈≈≈≈≈≈
.......##)####..≈(.≈≈≈≈..≈≈≈
....##............≈≈≈..≈...≈
..#.##..........≈≈.;≈≈....≈.


You could see an electric eel.

Vanquished Creatures
  An ice beast (D:5)
  2 orc warriors
  4 sky beasts
  A wasp (D:7)
  An ogre (D:5)
  A phantom (D:4)
  A black bear (D:6)
  A wolf (D:8)
  2 centaurs
  4 giant frogs
  4 killer bees (D:8)
  4 howler monkeys
  A centaur zombie (Ossuary)
  3 electric eels (D:8)
  2 crimson imps
  A giant frog zombie (D:7)
  2 human zombies (Ossuary)
  A quasit (D:8)
  2 jellies
  7 orc priests
  2 giant frog skeletons (D:8)
  7 hounds
  4 worker ants
  Ijyb (D:2)
  7 orc wizards
  A big kobold zombie (Ossuary)
  A hound zombie (D:5)
  3 mummies (Ossuary)
  2 hound skeletons (D:7)
  A worker ant zombie (D:6)
  A howler monkey skeleton (D:7)
  22 adders
  5 river rats (Sewer)
  2 shadow imps (D:6)
  3 oozes
  2 adder skeletons
  5 worms
  A dart slug (D:3)
  5 giant geckos
  22 orcs
  15 ball pythons (Sewer)
  6 giant cockroaches
  8 goblins
  8 hobgoblins
  4 jackals (D:8)
  A quokka (D:4)
  6 bats
  A giant gecko skeleton (D:6)
  2 giant gecko zombies
  7 giant newts
  2 goblin zombies (Ossuary)
  A hobgoblin zombie (Ossuary)
  5 kobolds
  A kobold zombie (Ossuary)
  2 quokka skeletons
  33 rats
244 creatures vanquished.

Notes
Turn   | Place    | Note
--------------------------------------------------------------
     0 | D:1      | Peloso the Minotaur Fighter began the quest for the Orb.
     0 | D:1      | Reached XP level 1. HP: 19/19 MP: 0/0
    55 | D:1      | Reached XP level 2. HP: 18/27 MP: 1/1
   563 | D:2      | Noticed Ijyb
   572 | D:2      | Killed Ijyb
   572 | D:2      | Reached XP level 3. HP: 33/33 MP: 2/2
   655 | D:2      | Reached skill level 1 in Dodging
   712 | D:2      | Reached XP level 4. HP: 40/40 MP: 3/3
   956 | D:2      | Found a glowing golden altar of the Shining One.
  1737 | D:3      | Noticed a moth of wrath
  1740 | D:3      | Found a bloodstained altar of Trog.
  1744 | D:3      | Reached XP level 5. HP: 46/46 MP: 4/4
  2027 | D:3      | Found a glowing drain.
  2148 | Sewer    | Entered a sewer
  2224 | Sewer    | Reached skill level 5 in Armour
  2225 | Sewer    | Reached skill level 5 in Shields
  2955 | Sewer    | Reached XP level 6. HP: 52/52 MP: 5/5
  4522 | D:4      | Reached XP level 7. HP: 60/60 MP: 6/6
  4557 | D:4      | Found Lodorouj's Armour Emporium.
  4633 | D:4      | Got a dazzling glaive
  4642 | D:4      | Identified the +10 glaive "Worm's Wrath" {drain, Int+3} (You found it on level 4 of the Dungeon)
  5163 | D:5      | Entered Level 5 of the Dungeon
  5183 | D:5      | Found an oddly glowing altar of Pakellas.
  5285 | D:5      | Reached skill level 5 in Fighting
  5548 | D:5      | Reached skill level 5 in Long Blades
  5590 | D:5      | Reached XP level 8. HP: 34/68 MP: 7/7
  6409 | D:6      | Found a stormy altar of Qazlal.
  6446 | D:6      | Found Elestring's Food Shoppe.
  6466 | D:6      | Found Hylehy's Antique Armour Emporium.
  6501 | D:6      | Found an iron altar of Okawaru.
  6506 | D:6      | Became a worshipper of Warmaster Okawaru
  6530 | D:6      | Found Romaip's Magic Scroll Shop.
  6588 | D:6      | Found Bivi's Book Shop.
  6658 | D:6      | Found a sand-covered staircase.
  6664 | Ossuary  | Entered an ossuary
  7140 | D:6      | Bought a pair of runed gloves for 135 gold pieces
  7286 | D:6      | Got an ivory spear
  7287 | D:6      | Identified the +4 spear "Neolod" {elec, *Corrode +Fly rElec rF+++} (You found it on level 6 of the Dungeon)
  7362 | D:6      | Reached XP level 9. HP: 78/78 MP: 8/8
  7577 | D:6      | Found a staircase to the Ecumenical Temple.
  7955 | D:6      | Bought a pair of embroidered boots for 135 gold pieces
  7960 | D:6      | Identified a +1 pair of boots of running (You bought it in a shop on level 6 of the Dungeon)
  8410 | D:7      | Found Keosing's Food Emporium.
  8509 | D:7      | Reached * piety under Okawaru
  9623 | D:8      | Found a staircase to the Lair.
  9964 | D:8      | HP: 3/81 [electric eel/bolt of electricity (10)]
  9965 | D:8      | Killed from afar by an electric eel

Skill      XL: |  1  2  3  4  5  6  7  8  9 |
---------------+----------------------------+-----
Armour         | 4 5 6 7 8 9 |  9.7
Fighting       | 4 5 6 7 |  7.8
Shields        | 4 5 6 7 8 |  8.3
Long Blades    | 3 4 5 6 9 |  9.2
Dodging        | 1 2 3 |  3.8
Stealth        | |  0.6
Invocations    | |  0.2

Action                   |  1- 3 |  4- 6 |  7- 9 || total
-------------------------+-------+-------+-------++-------
Melee: Long sword        |    81 |   295 |   466 ||   842
       Headbutt          |    10 |    26 |    74 ||   110
       Punch             |       |       |     1 ||     1
Invok: Heroism           |       |       |     1 ||     1
  Use: Potion            |       |     2 |     3 ||     5
       Scroll            |       |    15 |     5 ||    20
  Eat: Chunk             |       |    10 |    15 ||    25
       Pizza             |       |     1 |       ||     1
       Beef jerky        |       |       |     2 ||     2
Armor: Scale mail        |    50 |       |       ||    50
       Plate armour      |       |   232 |   295 ||   527
Dodge: Dodged            |    37 |    71 |   159 ||   267
Block: Shield            |    58 |   310 |    15 ||   383
       Reflection        |       |     2 |       ||     2
       Other             |       |       |    45 ||    45
